 Dungeon Crawl Stone Soup version 0.20-a0-492-g6327889 (webtiles) character file.

56 Klosterheim the Slasher (level 3, -1/32 HPs)
             Began as a Naga Warper on Jan 15, 2017.
             Slain by a worm (10 damage)
             ... on level 2 of the Dungeon.
             The game lasted 00:01:55 (1753 turns).

Klosterheim the Slasher (Naga Warper)               Turns: 1753, Time: 00:01:56

Health: -1/32      AC:  3    Str: 14    XL:     3   Next: 97%
Magic:  6/6        EV:  8    Int: 13    God:
Gold:   99         SH:  0    Dex: 10    Spells: 6/6 levels left

rFire    . . .     SeeInvis +   a - +0 falchion
rCold    . . .     Gourm    .   k - +0 ring mail
rNeg     . . .     Faith    .   (no shield)
rPois    +         Spirit   .   (no helmet)
rElec    .         Reflect  .   (no cloak)
rCorr    .         Harm     .   (no gloves)
MR       .....                  (no barding)
Stlth    ..........             (no amulet)
Regen    0.1/turn               (no ring)
                                (no ring)

@: very slow
A: see invisible, deformed body, poison resistance, slowness 2, slow metabolism
1, spit poison 1, AC +1
a: Spit Poison


You were on level 2 of the Dungeon.
You were hungry.

You visited 1 branch of the dungeon, and saw 2 of its levels.

You collected 99 gold pieces.

Inventory:

Hand Weapons
 a - a +0 falchion (weapon)
Missiles
 e - 5 tomahawks of dispersal (quivered)
Armour
 k - a +0 ring mail (worn)
Jewellery
 j - an uncursed ring of protection from fire {unknown}
Wands
 l - a wand of random effects (12/48)
Scrolls
 d - a scroll of blinking
 h - a scroll of teleportation {unknown}
 i - a scroll of magic mapping {unknown}
 m - a scroll of fog {unknown}
Potions
 b - a potion of heal wounds {unknown}
 g - a potion of curing {unknown}
Books
 c - a book of Spatial Translocations

   Spells                             Type                      Level
   a - Blink                          Translocation                2
   b - Shroud of Golubria             Charms/Translocation         2
   c - Lesser Beckoning               Translocation                3
   d - Portal Projectile              Translocation                3
   e - Teleport Other                 Translocation                3
   f - Passage of Golubria            Translocation                4
Comestibles
 f - a bread ration


   Skills:
 - Level 2.0 Fighting
 + Level 4.1 Long Blades
 - Level 0.8 Throwing
 - Level 0.7 Armour
 - Level 1.5 Dodging
 - Level 2.0 Spellcasting
   Level 3.0 Translocations


You had 6 spell levels left.
You didn't know any spells.

Dungeon Overview and Level Annotations

Branches:
Dungeon (2/15)

Altars:
Makhleb


Innate Abilities, Weirdness & Mutations

You cannot wear boots.
Your serpentine skin is tough. (AC +1)
You have supernaturally acute eyesight. (SInv)
Armour fits poorly on your strangely shaped body.
Your system is resistant to poisons. (rPois)
You cover ground very slowly.
You have a slow metabolism.
You can spit poison.


Message History

The worm bites you!
Found a smoky yellow potion.
You hit the worm.
The worm is moderately wounded.
The worm bites you.
You barely miss the worm.
The worm is moderately wounded.
You hit the worm.
The worm is moderately wounded.
The worm barely misses you.
You hit the worm.
The worm is heavily wounded.
You hit the worm but do no damage.
The worm is heavily wounded.
The worm bites you!
* * * LOW HITPOINT WARNING * * *
You hit the worm.
The worm is severely wounded.
The worm bites you!
You die...

# ##..##.# #. #...##.# #
#..#.#.##.# #!
#.........# # #.
##.#.#.#### #.##.#
#....)## #.....
###.##.##
####...#########.#...###
+.....w@)...............
####...##.######.#...###
#......# #.##.##
#.###..# #.#### #. #..#
##.## # #..# #...# ...#
#...# #.## #...# ##.##


You could see a worm.

Vanquished Creatures
  Ijyb (D:2)
  2 dart slugs (D:1)
  A ball python (D:1)
  4 bats
  2 giant cockroaches (D:2)
  3 goblins
  3 hobgoblins
  3 kobolds
  A quokka (D:2)
  4 frilled lizards (D:1)
  3 rats (D:2)
27 creatures vanquished.

Notes
Turn   | Place    | Note
-------+----------+-------------------------------------------
     0 | D:1      | Klosterheim the Naga Warper began the quest for the Orb.
     0 | D:1      | Reached XP level 1. HP: 19/19 MP: 3/3
   234 | D:1      | Reached XP level 2. HP: 24/26 MP: 5/5
   284 | D:1      | Reached skill level 3 in Long Blades
  1313 | D:2      | Found a burning altar of Makhleb.
  1313 | D:2      | Noticed a balrug
  1316 | D:2      | Noticed a neqoxec
  1316 | D:2      | Noticed a neqoxec
  1354 | D:2      | Reached XP level 3. HP: 32/32 MP: 6/6
  1442 | D:2      | Noticed Ijyb
  1463 | D:2      | Killed Ijyb
  1463 | D:2      | Reached skill level 4 in Long Blades
  1753 | D:2      | Slain by a worm

Vault maps used:
D:1:      scummos_arrival_checkerplants
D:2:      makhleb_altar_promises_db, uniq_iyjb

Skill      XL: |  1  2  3 |
---------------+----------+-----
Long Blades    | 3 4 |  4.1
Fighting       | |  2.0
Throwing       | |  0.8
Armour         | |  0.7
Dodging        | |  1.5
Spellcasting   | |  2.0
Translocations | |  3.0

Action                   || total
-------------------------++-------
Melee: Falchion          ||    87
  Eat: Chunk             ||     1
Armor: Ring mail         ||    33
       Leather armour    ||     2
Dodge: Dodged            ||    39
       Rpst.: Falchion   ||    12
